 Dungeon Crawl Stone Soup version 0.24.0-123-gd5b16e6ec5 (webtiles) character file.

Game seed: 17545760482353380360, levelgen mode: deterministic

70558 Johnny the Earth Mage (level 14, -8/93 HPs)
             Began as a Demigod Earth Elementalist on Jan 29, 2020.
             Mangled by a spriggan rider
             ... wielding a cursed -1 spear
              (33 damage)
             ... on level 6 of the Lair of Beasts.
             The game lasted 00:47:06 (26059 turns).

Johnny the Earth Mage (Demigod Earth Elementalist) Turns: 26059, Time: 00:47:06

Health: -8/93      AC:  7    Str: 14    XL:     14   Next: 52%
Magic:  19/38      EV: 16    Int: 27    God:
Gold:   828        SH:  0    Dex: 16    Spells: 15/42 levels left

rFire    . . .     SeeInvis .   K - staff of earth
rCold    . . .     Gourm    .   (no shield)
rNeg     . . .     Faith    .   f - +0 robe {Archmagi}
rPois    .         Spirit   .   (no helmet)
rElec    .         Reflect  .   o - +2 cloak
rCorr    .         Harm     +   w - +0 pair of gloves {Str+3}
MR       ++...                  r - +0 pair of boots
Stlth    ++........             P - amulet of harm
HPRegen  0.25/turn              a - ring of protection from magic
MPRegen  0.26/turn              I - +4 ring of evasion

@: studying Stealth
A: high mp 1
a: no special abilities


You were on level 6 of the Lair of Beasts.
You were not hungry.

You visited 3 branches of the dungeon, and saw 23 of its levels.
You also visited: Ice Cave.

You collected 2236 gold pieces.
You spent 1408 gold pieces at shops.

Inventory:

Missiles
 j - 142 stones (quivered)
Armour
 f - a +0 robe of the Archmagi (worn)
 o - a +2 cloak (worn)
 r - a +0 pair of boots (worn)
 w - a +0 pair of gloves of strength (worn)
 x - the cursed +0 leather armour "Wihuxet" {-Cast rC++, unknown}
   (You found it on level 5 of the Lair of Beasts)

   It greatly protects you from cold.
   It prevents spellcasting.
   It has a curse placed upon it.
 G - the +0 pair of gloves of Fun {rC- MR+ Int+3}
   (You bought it in a shop on level 1 of the Orcish Mines)

   It affects your intelligence (+3).
   It makes you vulnerable to cold.
   It affects your resistance to hostile enchantments.
 S - a +1 troll leather armour
Magical Staves
 q - an uncursed staff of energy
 K - an uncursed staff of earth (weapon)
Jewellery
 a - a ring of protection from magic (left hand)
 b - an uncursed ring of positive energy
 A - an uncursed ring of ice
 I - a +4 ring of evasion (right hand)
 N - an uncursed ring of fire
 P - an amulet of harm (around neck)
 U - an uncursed ring of poison resistance
Wands
 c - a wand of polymorph (3)
 X - a wand of disintegration (17)
 Z - a wand of enslavement (2)
Scrolls
 e - 10 scrolls of remove curse
 g - 7 scrolls of amnesia
 h - a scroll of acquirement {unknown}
 i - 5 scrolls of immolation
 m - 6 scrolls of magic mapping
 n - a scroll of fog
 p - 3 scrolls of teleportation
 B - 3 scrolls of vulnerability
 D - a scroll of holy word
 O - a scroll of noise
 Y - a scroll of brand weapon {unknown}
Potions
 l - 3 potions of flight
 t - 2 potions of heal wounds
 u - 2 potions of brilliance
 v - 4 potions of degeneration {unknown}
 z - 6 potions of lignification
 C - 2 potions of curing
 E - 2 potions of mutation
 F - a potion of resistance {unknown}
 J - a potion of experience {unknown}
 Q - 3 potions of might {unknown}
 R - 2 potions of agility
 T - a potion of magic {unknown}
 V - a potion of berserk rage
Books
 H - a manual of Stealth
Miscellaneous
 s - a lightning rod (inert)
 L - a box of beasts
 W - a lamp of fire (inert)
Comestibles
 d - 34 rations


   Skills:
 - Level 1.7 Dodging
 + Level 2.0 Stealth
 + Level 14.8 Spellcasting
 + Level 5.1 Translocations
 - Level 0.8 Transmutations
 * Level 16.6 Earth Magic


You had 15 spell levels left.
You knew the following spells:

 Your Spells              Type           Power        Failure   Level  Hunger
a - Sandblast             Erth           ######       0%          1    None
b - Stone Arrow           Conj/Erth      ######       1%          3    None
c - Lee's Rapid Deconstr  Erth           ########..   1%          5    None
d - Petrify               Tmut/Erth      ########     1%          4    None
e - Iron Shot             Conj/Erth      #######...   13%         6    ####...
f - Controlled Blink      Tloc           N/A          100%        8    #######

Your spell library contained the following spells:

 Spells                   Type           Power        Failure   Level  Hunger
 Apportation              Tloc           ######       1%          1    None
 Beastly Appendage        Tmut           #####.       1%          1    None
 Blink                    Tloc           N/A          1%          2    None
 Passwall                 Tmut/Erth      ########     1%          2    None
 Gell's Gravitas          Tloc           ######....   1%          3    None
 Animate Skeleton         Necr           N/A          2%          1    None
 Confusing Touch          Hex            ####..       2%          1    None
 Corona                   Hex            ####...      2%          1    None
 Magic Dart               Conj           ####         2%          1    None
 Pain                     Necr           ####         2%          1    None
 Summon Small Mammal      Summ           ####         2%          1    None
 Sticks to Snakes         Tmut           #####...     2%          2    None
 Portal Projectile        Hex/Tloc       ######       2%          3    None
 Call Imp                 Summ           ####....     4%          2    None
 Ensorcelled Hibernation  Hex/Ice        ####..       4%          2    None
 Slow                     Hex            ####....     4%          2    None
 Confuse                  Hex            ####....     8%          3    None
 Conjure Flame            Conj/Fire      ####....     8%          3    None
 Dazzling Spray           Conj/Hex       ####..       8%          3    None
 Mephitic Cloud           Conj/Pois/Air  ####....     8%          3    None
 Regeneration             Chrm/Necr      ####......   8%          3    None
 Static Discharge         Conj/Air       ####....     8%          3    None
 Tukima's Dance           Hex            ####....     8%          3    None
 Vampiric Draining        Necr           ####......   8%          3    None
 Force Lance              Conj/Tloc      ######..     9%          4    None
 Statue Form              Tmut/Erth      ########.    11%         6    ####...
 Animate Dead             Necr           N/A          26%         4    None
 Dispersal                Tloc           ######....   43%         6    ####...
 Hydra Form               Tmut           #####.....   96%         6    ####...
 Freezing Cloud           Conj/Ice/Air   ####......   99%         6    ####...
 Ozocubu's Refrigeration  Ice            ####......   99%         6    ####...
 Disjunction              Tloc           ######....   100%        8    #######


Dungeon Overview and Level Annotations

Branches:
Dungeon (15/15)            Temple (0/1) D:4            Lair (6/6) D:11
  Swamp (0/4) Lair:4        Snake (0/4) Lair:2        Slime (0/5) Lair:5
    Orc (2/2) D:12            Elf (0/3) Orc:2        Vaults (0/5) D:13
  IceCv (visited)
 Depths: D:15

Shops:
D:12 !![   Orc:1 [   Orc:2 :}%*%


Innate Abilities, Weirdness & Mutations

You have an increased reservoir of magic. (+10% MP)


Message History

The spriggan rider hits you from afar with a cursed -1 spear!!
Casting: Sandblast (safe; 0% risk of failure)
Confirm with . or Enter, or press ? or * to list all spells.
Aiming: Sandblast (safe; 0% risk of failure)
Press: ? - help, Shift-Dir - straight line, f/p - spriggan rider
Aim: a spriggan rider, wielding a -1 spear (moderately wounded)
You feel a strong surge of power!
The blast of sand hits the spriggan rider!
The spriggan rider is heavily wounded.
j - 142 stones The spriggan rider hits you from afar with a cursed -1 spear.
* * * LOW HITPOINT WARNING * * *
Unknown command.
Evoke which item? (* to show all) (? for menu, Esc to quit)
Aiming: Enslavement
Press: ? - help, Shift-Dir - straight line, f/p - spriggan rider
Aim: a spriggan rider, wielding a -1 spear (heavily wounded, chance to defeat MR: 1%)
The spriggan rider resists with almost no effort.
The spriggan rider hits you from afar with a cursed -1 spear!!
You die...

♣♣ .♣♣ .♣ ..♣ ♣ .
..♣♣ .♣. ...♣ ...
...♣♣ ♣S♣ .#†.♣♣
♣i♣ ###..♣♣♣ ♣†♣
#....♣♣♣♣♣♣ ♣@♣♣
##........♣♣ ♣♣†♣
#.#..#.#..♣♣ ♣.♣
#.##.#####..♣♣♣.♣
## ### #P.....#
##.#..## #####.#
##


You could see a spriggan rider and a black mamba.

Vanquished Creatures
  A stone giant (Orc:1)
  4 vault guards (D:13)
  7 hydras
  A centaur warrior (Orc:2)
  Erica (Lair:1)
  A two-headed ogre (D:10)
  6 death yaks (Lair:3)
  An orc high priest (Orc:1)
  4 unseen horrors
  A wizard (D:11)
  4 orc knights
  2 cyclopes
  4 orc sorcerers
  12 ugly things
  8 elephants
  A centaur zombie (D:14)
  Joseph (D:7)
  2 ice statues (IceCv)
  6 spiny frogs
  A gargoyle (D:7)
  A centaur skeleton (D:12)
  4 kobold demonologists (D:14)
  A torpor snail (Lair:4)
  A rime drake (Lair:3)
  12 komodo dragons
  A polar bear (shapeshifter) (D:14)
  A tyrant leech (Lair:4)
  5 trolls
  A polar bear (Lair:2)
  A merfolk (D:10)
  6 slime creatures
  8 hippogriffs
  23 blink frogs
  A water elemental (D:11)
  A wraith (D:8)
  5 wyverns
  11 yaks
  8 vampire mosquitoes
  2 hungry ghosts
  A steam dragon (D:14)
  3 nagas (Lair:2)
  2 soldier ants
  A swamp worm (Lair:4)
  A warg (Orc:1)
  An acid dragon (D:14)
  15 water moccasins
  The ghost of Alannah the Ducker, an amateur FeMo (D:3)
  6 porcupines
  2 phantoms
  9 ice beasts
  An eye of draining (D:11)
  2 black bears
  21 wolves
  5 sky beasts
  37 orc warriors
  19 centaurs
  18 ogres
  10 crocodiles
  7 big kobolds (D:14)
  2 gnoll sergeants
  23 bullfrogs
  A wyvern zombie (D:9)
  10 scorpions
  3 wyvern skeletons
  10 killer bees
  12 wights
  4 electric eels
  4 howler monkeys
  9 crimson imps
  2 quasits
  2 bullfrog zombies
  4 jellies
  6 orc priests
  6 hounds
  22 orc wizards
  6 hell rats (Lair:4)
  2 iguanas
  12 worker ants
  4 hound skeletons
  2 worker ant zombies
  14 gnolls
  24 adders
  5 shadow imps
  2 oozes
  An adder skeleton (D:8)
  2 worms
  A dart slug (D:2)
  7 leopard geckos
  91 orcs
  4 ball pythons
  4 giant cockroaches
  5 goblins
  10 hobgoblins
  9 jackals
  8 quokkas
  6 bats
  7 frilled lizards
  12 kobolds
  A leopard gecko skeleton (D:4)
  2 quokka skeletons
  A quokka zombie (D:7)
  6 rats
  2 fungi
  A plant (Lair:5)
694 creatures vanquished.

Vanquished Creatures (collateral kills)
  A hippogriff (D:9)
1 creature vanquished.

Vanquished Creatures (others)
  An ugly thing (D:14)
  A hippogriff (D:9)
  An orc warrior (D:7)
  A bullfrog (D:10)
  A jelly (D:10)
  A worker ant (D:9)
  An orc (D:10)
  A bush (Lair:4)
  5 fungi
  14 plants
27 creatures vanquished.

Grand Total: 722 creatures vanquished

Notes
Turn   | Place    | Note
-------+----------+-------------------------------------------
     0 | D:1      | Johnny the Demigod Earth Elementalist began the quest for
                  | the Orb.
     0 | D:1      | Reached XP level 1. HP: 14/14 MP: 5/5
   225 | D:1      | Reached skill level 3 in Earth Magic
   420 | D:1      | Reached XP level 2. HP: 18/20 MP: 3/7
  1113 | D:2      | Reached XP level 3. HP: 22/26 MP: 2/9
  1175 | D:2      | Learned a level 3 spell: Stone Arrow
  1925 | D:2      | Reached XP level 4. HP: 19/33 MP: 1/11
  2205 | D:2      | Found a shimmering blue altar of Sif Muna.
  2207 | D:2      | Found an opulent altar of Gozag.
  2207 | D:2      | Found a basalt altar of Yredelemnul.
  2209 | D:2      | Found a shimmering altar of Xom.
  2209 | D:2      | Found a sacrificial altar of Ru.
  2209 | D:2      | Found an ancient bone altar of Kikubaaqudgha.
  3077 | D:3      | Reached skill level 4 in Earth Magic
  3112 | D:3      | Found a runed translucent door.
  3117 | D:3      | Noticed a bullfrog
  3120 | D:3      | Noticed Alannah's ghost (amateur FeMo)
  3910 | D:4      | Noticed an ogre
  3943 | D:4      | Found a staircase to the Ecumenical Temple.
  3985 | D:4      | Reached XP level 5. HP: 29/38 MP: 7/13
  4108 | D:4      | Noticed an ogre
  4113 | D:4      | Killed an ogre
  4113 | D:4      | Reached XP level 6. HP: 45/45 MP: 11/15
  4126 | D:4      | Reached skill level 5 in Earth Magic
  4663 | D:4      | HP: 1/45 [acid (9)]
  5447 | D:5      | Entered Level 5 of the Dungeon
  5451 | D:5      | Reached XP level 7. HP: 48/50 MP: 12/17
  5469 | D:5      | Reached skill level 5 in Spellcasting
  5490 | D:5      | Reached skill level 6 in Earth Magic
  5519 | D:5      | Learned a level 5 spell: Lee's Rapid Deconstruction
  5781 | D:5      | Got an ichor-stained whip
  5782 | D:5      | Identified the +7 whip "Diseac" {slash, SInv} (You found it
                  | on level 5 of the Dungeon)
  5833 | D:5      | Found a glowing silver altar of Zin.
  5842 | D:5      | Found an iron altar of Okawaru.
  6277 | D:3      | Killed Alannah's ghost
  6568 | D:6      | Reached XP level 8. HP: 51/57 MP: 20/20
  6570 | D:6      | Reached skill level 7 in Earth Magic
  6895 | D:6      | Found a glowing golden altar of the Shining One.
  7488 | D:7      | Reached skill level 8 in Earth Magic
  8171 | D:7      | Noticed a troll
  8174 | D:7      | Killed a troll
  8174 | D:7      | Reached XP level 9. HP: 61/62 MP: 17/24
  8211 | D:7      | Noticed a gargoyle
  8217 | D:7      | Killed a gargoyle
  8274 | D:7      | Reached skill level 9 in Earth Magic
  8286 | D:7      | Noticed Joseph
  8298 | D:7      | Killed Joseph
  8424 | D:7      | Noticed a cyclops
  8432 | D:7      | Killed a cyclops
  8879 | D:7      | Reached skill level 10 in Earth Magic
  9197 | D:8      | Learned a level 4 spell: Petrify
  9210 | D:8      | Found a blossoming altar of Fedhas.
  9476 | D:8      | Reached XP level 10. HP: 55/69 MP: 17/27
 10387 | D:9      | Identified Puapsigh's Further Progress in Spellweaving
 10389 | D:9      | Noticed a red ugly thing
 10392 | D:9      | Killed a red ugly thing
 10392 | D:9      | Reached skill level 11 in Earth Magic
 10393 | D:9      | Reached skill level 10 in Spellcasting
 10418 | D:9      | Identified the Handbook of the Seventy-Seven Spirits
 10572 | D:9      | Found a shadowy altar of Dithmenos.
 10867 | D:10     | Entered Level 10 of the Dungeon
 11507 | D:10     | Noticed a two-headed ogre
 11531 | D:10     | Killed a two-headed ogre
 11531 | D:10     | Reached XP level 11. HP: 34/74 MP: 18/30
 11796 | D:10     | Killed an unseen horror
 12103 | D:11     | Reached skill level 12 in Earth Magic
 12373 | D:11     | Found a staircase to the Lair.
 12390 | D:11     | Noticed a wizard
 12393 | D:11     | Killed a wizard
 12738 | D:11     | Killed an unseen horror
 12869 | D:11     | Noticed a four-headed hydra
 12875 | D:11     | Killed a four-headed hydra
 13271 | D:12     | Found a staircase to the Orcish Mines.
 13279 | D:12     | Learned a level 6 spell: Iron Shot
 13279 | D:12     | Noticed a four-headed hydra
 13283 | D:12     | Killed a four-headed hydra
 13346 | D:12     | Found Zeisy's Distillery.
 13356 | D:12     | Bought a potion of mutation for 104 gold pieces
 13356 | D:12     | Bought a potion of brilliance for 52 gold pieces
 13356 | D:12     | Bought a potion of ambrosia for 104 gold pieces
 13356 | D:12     | Bought a potion of curing for 39 gold pieces
 13356 | D:12     | Bought a potion of curing for 39 gold pieces
 13356 | D:12     | Bought a potion of ambrosia for 104 gold pieces
 13356 | D:12     | Bought 2 potions of agility for 104 gold pieces
 13358 | D:12     | Found Wiuzeido's Distillery.
 13456 | D:12     | Bought a potion of heal wounds for 50 gold pieces
 13456 | D:12     | Bought a potion of heal wounds for 50 gold pieces
 13464 | D:12     | Found Aga Jea's Antique Armour Shop.
 13742 | D:12     | Killed an unseen horror
 13742 | D:12     | Reached skill level 13 in Earth Magic
 13871 | D:12     | Reached XP level 12. HP: 81/81 MP: 17/32
 14255 | D:13     | Found a gate to the Vaults.
 14255 | D:13     | Noticed a vault guard
 14255 | D:13     | Noticed a vault guard
 14255 | D:13     | Noticed a vault guard
 14255 | D:13     | Noticed a vault guard
 14263 | D:13     | Killed a vault guard
 14274 | D:13     | Killed a vault guard
 14276 | D:13     | Killed a vault guard
 14277 | D:13     | Killed a vault guard
 14727 | D:13     | Identified the cursed +0 scale mail of the Tuna {Int+2}
 15242 | D:13     | Reached skill level 14 in Earth Magic
 15302 | D:14     | Found a frozen archway.
 15313 | IceCv    | Entered an ice cave
 15418 | IceCv    | Found a transporter.
 15463 | IceCv    | HP: 1/81 [white ugly thing (7)]
 15465 | IceCv    | Found a transporter.
 15475 | IceCv    | HP: 4/121 [white ugly thing (13)]
 16352 | D:14     | Reached XP level 13. HP: 86/86 MP: 9/35
 16822 | D:15     | Entered Level 15 of the Dungeon
 16901 | Lair:1   | Entered Level 1 of the Lair of Beasts
 16953 | Lair:1   | Noticed Erica
 16968 | Lair:1   | Killed Erica
 17178 | Orc:1    | Entered Level 1 of the Orcish Mines
 17423 | Orc:1    | Found a roughly hewn altar of Beogh.
 17577 | Orc:1    | Noticed a stone giant
 17591 | Orc:1    | Killed a stone giant
 17591 | Orc:1    | Reached skill level 15 in Earth Magic
 17776 | Orc:1    | Found Cosin's Antique Armour Shoppe.
 17790 | Orc:1    | Bought a pair of twisted gloves for 304 gold pieces
 17795 | Orc:1    | Identified the cursed +0 pair of gloves of Fun {rC- MR+
                  | Int+3} (You bought it in a shop on level 1 of the Orcish
                  | Mines)
 17937 | Orc:2    | Entered Level 2 of the Orcish Mines
 17949 | Orc:2    | Found a radiant altar of Vehumet.
 17985 | Orc:2    | Found Muocvigi's Book Shop.
 19338 | Orc:2    | Found Axkior's General Store.
 19338 | Orc:2    | Found Hefan's Food Boutique.
 19340 | Orc:2    | Found Qaiwk's Gadget Shop.
 19342 | Orc:2    | Found Jyritz's Food Shoppe.
 19346 | Orc:2    | Bought a scroll of identify for 30 gold pieces
 19665 | Orc:2    | Found a staircase to the Elven Halls.
 19805 | Orc:1    | Bought an embroidered robe for 118 gold pieces
 19805 | Orc:1    | Bought a pair of runed gloves for 240 gold pieces
 19902 | D:12     | Bought a glowing robe for 70 gold pieces
 19924 | D:12     | Learned a level 8 spell: Controlled Blink
 20064 | Lair:1   | Reached skill level 1 in Translocations
 21163 | Lair:2   | Found a staircase to the Snake Pit.
 22117 | Lair:3   | Reached XP level 14. HP: 78/93 MP: 27/37
 22383 | Lair:3   | Reached skill level 16 in Earth Magic
 24150 | Lair:4   | Found a staircase to the Swamp.
 24909 | Lair:5   | Reached skill level 5 in Translocations
 25299 | Lair:5   | Found a staircase to the Slime Pits.
 25309 | Lair:5   | Found a viscous altar of Jiyva.
 25772 | Lair:5   | Got an ichor-stained leather armour
 26001 | Lair:6   | Entered Level 6 of the Lair of Beasts
 26059 | Lair:6   | Mangled by a spriggan rider

Levels and vault maps discovered:
D:1:      dpeg_arrival_round_b, layout_basic, chequers_serial_rivers_large_a
D:2:      kennysheep_big_flooded_room, layout_basic, doesnt_xom_only_xom,
          serial_co_window_serial, co_window_paths_a, co_window_corner_a,
          co_window_paths_a, co_window_corner_a, co_window_corner_a,
          co_window_of_opportunity_a, co_window_corner_a,
          co_window_unsneaky_path_c, co_window_of_opportunity_b,
          co_window_unsneaky_path_d, co_window_cross_4, co_window_cross_2,
          co_window_corner_cb, glass_columns_a, glass_columns_b,
          glass_columns_c, glass_columns_a, glass_columns_c
D:3:      layout_basic, ebering_ghost_sewer_d
D:4:      cheibrodos_helix_gallery, layout_rooms, minmay_temple_entry_arrows,
          first_ration
D:5:      layout_loops_ring, amethyst_overflow_temple_binary, kennysheep_path_1
D:6:      layout_loops_corners, old_standard_altar
D:7:      minmay_general_purpose_star, layout_basic, minmay_manual_mail,
          uniq_joseph
D:8:      layout_basic, marbit_many_paths
D:9:      minmay_the_grid_octo_tiled_squarecenter
          [minmay_the_grid_octo_checkered, minmay_the_grid_octo_toaster,
          minmay_the_grid_octo_pinwheel, minmay_the_grid_octo_horde,
          minmay_the_grid_square_5x5_megaprize_crossed,
          minmay_the_grid_square_5x5_gyroscope, minmay_the_grid_square_5x5_n,
          minmay_the_grid_square_5x5_tetrominoes,
          minmay_the_grid_square_5x5_two_walls_a], layout_cross,
          grunt_dithmenos_smoke_and_mirrors, hangedman_decor_peaks_small
D:10:     layout_basic, hangedman_stone_soup
D:11:     layout_cave_pods, erik_lair_island
D:12:     layout_roguey, orc_0_dummy, serial_shops,
          nicolae_shop_overgrown_old_shop, shop, shop
D:13:     layout_gridville, lightli_vaults_fourway_checkpoint
D:14:     layout_irregular_city, kennysheep_cluttered_room,
          portal_ice_cave_entry_pillars_1
D:15:     gammafunk_enter_depths_forms, layout_basic, serial_bayou_shore_a,
          special_room [special_room_mythical_zoo]
Lair:1:   layout_regular_city, beast_lair_carwin_10, grunt_megastairs_3,
          uniq_erica
Lair:2:   layout_cave_shapes, minmay_snake_entry_guardpost_medium,
          patterned_corridor
Lair:3:   layout_concentric_octagons, serial_bayou_lake_a
Lair:4:   layout_loops_ring, palyth_hydra_swamp_entry, serial_bayou_shore_b
Lair:5:   layout_cave_shapes, slime_altar_1
Lair:6:   minmay_lair_end_enchanted_forest, layout_big_grid, uniq_urug
Orc:1:    nicolae_orc_accident_1, layout_caves, serial_shops,
          nicolae_shop_stone, kennysheep_orc_chapel
Orc:2:    st_orc_rangers, layout_diamond_mine, basic_altar, serial_shops,
          shop_fountains

Skill      XL: |  1  2  3  4  5  6  7  8  9 10 11 12 13 14 |
---------------+-------------------------------------------+-----
Spellcasting   | 2 3 4 6 7 9 10 12 13 14 | 14.8
Earth Magic    | 3 4 5 6 8 10 11 13 14 15 16 | 16.6
Translocations | 3 5 |  5.1
Stealth        | 2 |  2.0
Dodging        | |  1.7
Transmutations | |  0.8

Action                   |  1- 3 |  4- 6 |  7- 9 | 10-12 | 13-15 || total
-------------------------+-------+-------+-------+-------+-------++-------
Melee: Unarmed           |    44 |   106 |       |       |       ||   150
       Mace              |       |   107 |     2 |       |       ||   109
       Whip              |       |       |   126 |    15 |       ||   141
       Staff             |       |       |       |    20 |     8 ||    28
Throw: Stone             |       |       |       |       |     1 ||     1
 Cast: Sandblast         |    35 |    33 |    43 |   283 |   136 ||   530
       Stone Arrow       |    13 |    31 |    31 |    18 |    92 ||   185
       Lee's Rapid Decon |       |       |    24 |    89 |   126 ||   239
       Petrify           |       |       |       |     8 |    11 ||    19
       Iron Shot         |       |       |       |       |     9 ||     9
Evoke: Wand              |       |       |       |    13 |    26 ||    39
       Lamp of fire      |       |       |       |     1 |     1 ||     2
       Lightning rod     |       |       |       |       |     4 ||     4
  Use: Potion            |     1 |     2 |     2 |    17 |     1 ||    23
       Scroll            |       |     8 |     3 |    12 |     6 ||    29
 Stab: Sleeping          |     1 |     2 |     4 |       |       ||     7
       Distracted        |       |       |       |     1 |       ||     1
  Eat: Chunk             |     5 |    10 |    15 |    26 |    21 ||    77
       Ration            |       |     1 |     1 |     1 |     4 ||     7
Armor: Robe              |    18 |    80 |    25 |    24 |    16 ||   163
       Troll leather arm |       |       |       |    38 |    11 ||    49
       Skin              |       |       |       |     2 |       ||     2
Dodge: Dodged            |    61 |   258 |    86 |   170 |   127 ||   702
Block: Other             |       |       |    22 |     4 |       ||    26
       Reflection        |       |       |     3 |     1 |       ||     4
